 Dungeon Crawl Stone Soup version 0.31-a0-848-gaac375c287 (webtiles) character file.

Game seed: 1658724888927165965

270 Maratek the Magician (level 6, -1/33 HPs)
             Began as a Deep Elf Venom Mage on Oct 4, 2023.
             Was a Follower of Okawaru.
             Slain by an ogre
             ... wielding a +0 giant club
              (23 damage)
             ... on level 4 of the Dungeon.
             The game lasted 00:08:30 (3906 turns).

Maratek the Magician (Deep Elf Venom Mage)          Turns: 3906, Time: 00:08:31

Health: -1/33      AC:  2    Str:  5    XL:     6   Next: 1%
Magic:  1/16       EV: 13    Int: 22    God:    Okawaru [*.....]
Gold:   167        SH:  0    Dex: 15    Spells: 10/16 levels left

rFire   . . .        (no weapon)
rCold   . . .        (no shield)
rNeg    . . .        a - +0 robe
rPois   .            (no helmet)
rElec   .            (no cloak)
rCorr   .            (no gloves)
SInv    .            (no boots)
Will    .....        (no amulet)
Stlth   ++           (no ring)
HPRegen 0.25/turn    (no ring)
MPRegen 0.15/turn

%: no passive effects
@: no status effects
A: no striking features
a: Renounce Religion, Heroism


You were on level 4 of the Dungeon.
You worshipped Okawaru.
Okawaru was aware of your devotion.
You visited 1 branch of the dungeon, and saw 4 of its levels.

You collected 167 gold pieces.

Inventory:

Armour
 a - a +0 robe (worn)
Jewellery
 c - a ring of ice
Scrolls
 e - 4 scrolls of teleportation {unknown}
 f - 4 scrolls of identify {unknown}
 h - a scroll of noise {unknown}
 l - a scroll of poison {unknown}
 m - 2 scrolls of torment {unknown}
 n - a scroll of blinking {unknown}
Potions
 b - 3 potions of magic
 d - 2 potions of haste {unknown}
 g - 2 potions of brilliance {unknown}
 i - a potion of might {unknown}
 j - 2 potions of enlightenment {unknown}
 k - a potion of curing {unknown}
 o - 2 potions of attraction {unknown}


   Skills:
 + Level 0.8 Fighting
 + Level 3.2 Dodging
 + Level 3.2 Stealth
 + Level 5.7 Spellcasting
 + Level 2.1 Transmutations
 + Level 4.9 Poison Magic


You had 10 spell levels left.
You knew the following spells:

 Your Spells              Type           Power      Damage    Failure   Level
a - Sting                 Tmut/Pois      84%        1d7       2%          1
b - Poisonous Vapours     Pois/Air       34%        N/A       5%          2
c - Mephitic Cloud        Conj/Pois/Air  13%        N/A       14%         3

Your spell library contained the following spells:

 Spells                   Type           Power      Damage    Failure   Level
 Passwall                 Tmut/Erth      9%         N/A       9%          2
 Magic Dart               Conj           24%        1d4       10%         1
 Olgreb's Toxic Radiance  Pois           28%        N/A       12%         4
 Ensorcelled Hibernation  Hex/Ice        12%        N/A       14%         2
 Swiftness                Air            6%         N/A       28%         3
 Leda's Liquefaction      Hex/Erth       3%         N/A       67%         4
 Lee's Rapid Deconstruct  Erth           3%         3d5*      95%         5
 Bombard                  Conj/Erth      3%         9d1       100%        6
 Orb of Destruction       Conj           3%         9d5       100%        7
 Call Imp                 Summ           Unusable   N/A       N/A         2
 Summon Guardian Golem    Hex/Summ       Unusable   N/A       N/A         3
 Spellforged Servitor     Conj/Summ      Unusable   N/A       N/A         7

Dungeon Overview and Level Annotations

Branches:
Dungeon (4/15)
 Temple: D:4-7

Altars:
Cheibriados
Hepliaklqana
Okawaru


Message History

The endoplasm is severely wounded.
The howler monkey hoots and howls with incredible vigour!
The endoplasm completely misses you.
You hear a shout!
The sting hits the endoplasm.
The endoplasm partially resists.
The endoplasm looks even sicker.
The endoplasm is almost dead.
The endoplasm hits you.
An ogre comes into view. It is wielding a +0 giant club.
The sting hits the endoplasm.
The endoplasm partially resists.
The endoplasm looks even sicker.
You kill the endoplasm!
Okawaru accepts your kill.
The sting hits the howler monkey.
The howler monkey is poisoned.
The howler monkey is lightly wounded.
The sting hits the howler monkey.
The howler monkey looks even sicker.
The howler monkey is moderately wounded.
The howler monkey hoots and howls with incredible vigour!
You hear an angry hiss.
You hear a shout!
The sting hits the howler monkey.
The howler monkey looks even sicker.
The howler monkey is heavily wounded.
The giant cockroach bites you. The howler monkey hits you.
The sting misses the howler monkey.
The sting hits the ogre.
The ogre is poisoned.
The ogre is lightly wounded.
The giant cockroach bites you but does no damage.
The howler monkey barely misses you.
The sting hits the howler monkey.
The howler monkey looks as sick as possible!
The howler monkey is almost dead.
You kill the howler monkey!
Okawaru accepts your kill. The giant cockroach bites you.
You have reached level 6!
The sting hits the ogre.
The ogre looks even sicker.
The ogre is heavily wounded.
The giant cockroach barely misses you.
The ogre hits you with a +0 giant club!!
Ouch! That really hurt!
You die...

..........†...........
#.........(..........
#####.......#######.....
##...##.....##...###.....
##.....##...##.....##.....
#.......#...#.......#.....
#.......'...'.......##....
#.......#...#.......##....
##.....##@..##.....##)....
##...###OB.###...###.###.
##### #...# ##### #.#...
#...# #.#.## #...# #.#.#<
#...# #.#.#. +...' #.#.#.
#...#. #.#.#. #.#.


You could see an ogre (very poisoned) and a giant cockroach.

Vanquished Creatures
  A howler monkey (D:4)
  A hound (D:3)
  An iguana (D:4)
  7 adders
  A gnoll (D:1)
  A worm (D:3)
  8 dart slugs
  An orc (D:3)
  11 endoplasms
  4 giant cockroaches
  5 goblins
  6 hobgoblins
  2 jackals (D:2)
  8 kobolds
  3 quokkas
  6 ball pythons
  7 bats
  5 frilled lizards
  5 rats
83 creatures vanquished.

Notes
Turn   | Place    | Note
-------+----------+-------------------------------------------
     0 | D:1      | Maratek the Deep Elf Venom Mage began the quest for the
                  | Orb.
     0 | D:1      | Reached XP level 1. HP: 10/10 MP: 6/6
   231 | D:1      | Reached XP level 2. HP: 15/15 MP: 0/8
   635 | D:1      | Reached XP level 3. HP: 19/19 MP: 7/10
  1495 | D:2      | Reached skill level 4 in Spellcasting
  1495 | D:2      | Reached XP level 4. HP: 18/24 MP: 8/12
  2770 | D:3      | Reached XP level 5. HP: 21/28 MP: 9/14
  2826 | D:3      | Found a faded altar of an unknown god.
  2903 | D:3      | Prayed at the altar of an unknown god.
  2903 | D:3      | Became a worshipper of Warmaster Okawaru
  2903 | D:3      | Reached * piety under Okawaru
  2910 | D:3      | Reached skill level 5 in Spellcasting
  3069 | D:3      | Learned a level 2 spell: Poisonous Vapours
  3555 | D:4      | Found a hazy altar of Hepliaklqana.
  3560 | D:4      | Found a snail-covered altar of Cheibriados.
  3591 | D:4      | Learned a level 3 spell: Mephitic Cloud
  3899 | D:4      | Noticed an ogre
  3906 | D:4      | Reached XP level 6. HP: 22/33 MP: 2/16
  3906 | D:4      | Slain by an ogre

Illustrated notes

Levels and vault maps discovered:
D:1:      dpeg_arrival_arbitrary_c, layout_rooms
D:2:      layout_basic
D:3:      kennysheep_slugbush, layout_basic, ebering_ecumenical_altar_webs
D:4:      kennysheep_six_static_rooms, layout_basic, zin_treasury,
          chequers_temple_overflow_statue_of_worship, minitemple,
          cheibrodos_sewer_entry_bend

Skill      XL: |  1  2  3  4  5 |
---------------+----------------+-----
Stealth        | 3 |  3.2
Dodging        | 3 |  3.2
Poison Magic   | 4 |  4.9
Spellcasting   | 4 5 |  5.7
Transmutations | 2 |  2.1
Fighting       | |  0.8

Action                     |  1- 3 |  4- 6 || total
---------------------------+-------+-------++-------
  Melee: Unarmed           |     7 |    12 ||    19
   Cast: Sting             |    80 |   114 ||   194
         Poisonous Vapours |       |    18 ||    18
         Mephitic Cloud    |       |     3 ||     3
 Armour: Robe              |    24 |    50 ||    74
  Dodge: Dodged            |    28 |    52 ||    80

Table legend: (Time is in decaauts)
 A = Elapsed time spent in this place.
 B = Non-inter-level travel time spent in this place.
 C = Inter-level travel time spent in this place.
 D = Time resting spent in this place.
 E = Time spent auto-exploring this place.
 F = Levels seen in this place.
 G = Mean time per level.
                   A        B        C        D        E       F      G
               +--------+--------+--------+--------+--------+-----+--------+
         Total |   3921 |   3791 |    130 |    332 |   2887 |   4 |  980.2 |
       Dungeon |   3921 |   3791 |    130 |    332 |   2887 |   4 |  980.2 |
               +--------+--------+--------+--------+--------+-----+--------+

Top non-repeatable levels by time:
     D:3: 1304 daAuts
     D:2: 1246 daAuts
     D:1: 872 daAuts
     D:4: 498 daAuts
